 Dungeon Crawl Stone Soup version 0.17-a0-1582-ge6b0260 (webtiles) character file.

240 Chiseanne the Skirmisher (level 5, -5/63 HPs)
             Began as a Demonspawn Wanderer on July 27, 2015.
             Slain by an ogre
             ... wielding a +0 giant club
              (6 damage)
             ... on level 4 of the Dungeon.
             The game lasted 00:05:24 (2780 turns).

Chiseanne the Skirmisher (Demonspawn Wanderer)      Turns: 2780, Time: 00:05:24

Health: -5/63      AC: 22    Str: 13    XL:     5   Next: 80%
Magic:  5/5        EV:  2    Int: 13    God:
Gold:   122        SH:  0    Dex: 13    Spells: 0 memorised, 4 levels left

rFire  . . .     SeeInvis .     a - +3 hand axe
rCold  . . .     Clarity  .     (armour currently unavailable)
rNeg   + + +     SustAt   .     (no shield)
rPois  +         Gourm    .     (helmet currently unavailable)
rElec  .         Spirit   .     (cloak currently unavailable)
rCorr  .         Warding  .     (gloves currently unavailable)
rMut   .         NoTele   +     (boots currently unavailable)
MR     .....                    (no amulet)
Stlth  +.........               (no ring)
                                m - ring of positive energy

@: tree-form, not resistant to hostile enchantments, very unstealthy
A: (iridescent scales 0), rot immunity
a: no special abilities


You were on level 4 of the Dungeon.
You were not hungry.
You were a tree.
You visited 1 branch of the dungeon, and saw 4 of its levels.

You collected 122 gold pieces.

Inventory:

Hand weapons
 a - a +3 hand axe (weapon)
Missiles
 c - 24 arrows
 e - 4 curare-tipped needles
 g - 32 bolts
 p - 13 sling bullets
 r - 27 poisoned needles
Armour
 l - a +1 ring mail (melded)
Jewellery
 m - a ring of positive energy (left branch)
Scrolls
 j - 4 scrolls of remove curse
 s - a scroll of enchant armour
Potions
 b - a potion of invisibility {unknown}
 d - 2 potions of curing
 i - 3 potions of brilliance
 k - a potion of cancellation {unknown}
 o - a potion of agility {unknown}
 w - a potion of ambrosia {unknown}
Comestibles
 f - 4 bread rations
 h - a beef jerky
 n - 3 meat rations
 t - 7 fruits


   Skills:
 * Level 4.2 Fighting
 - Level 1.0 Axes
   Level 1.0 Bows
 - Level 1.0 Throwing
 + Level 4.2 Armour
 * Level 3.1 Dodging
   Level 1.0 Shields


You had 4 spell levels left.
You didn't know any spells.

Dungeon Overview and Level Annotations

Branches:
Dungeon (4/15)
 Temple: D:4-7

Altars:
Kikubaaqudgha
Trog


Innate Abilities, Weirdness & Mutations

((You are mostly covered in iridescent scales (AC +6).))
You are immune to rotting.


Message History

The ogre hits you but does no damage.
You hit the ogre.
The ogre is heavily wounded.
The ogre hits you but does no damage.
You barely miss the ogre.
The ogre is heavily wounded.
The ogre hits you with a giant club.
* * * LOW HITPOINT WARNING * * *
You barely miss the ogre.
The ogre is heavily wounded.
The ogre hits you with a giant club.
* * * LOW HITPOINT WARNING * * *
You completely miss the ogre.
The ogre is heavily wounded.
The ogre hits you with a giant club!
* * * LOW HITPOINT WARNING * * *
You hit the ogre.
The ogre is severely wounded.
The ogre hits you with a giant club.
You die...

.... .. ...# .#..=
.... ... #.# #
#.#.######.##.#.##
......O♣..........
###.......<.......
#.############## #


You could see an ogre.

Vanquished Creatures
  Sigmund (D:3)
  3 adders (D:2)
  3 giant geckos
  An orc (D:3)
  3 giant cockroaches
  4 hobgoblins
  3 jackals (D:1)
  A quokka (D:3)
  A ball python (D:3)
  6 bats (D:3)
  4 giant newts (D:2)
  10 goblins
  6 kobolds
  7 rats
  3 rat zombies (D:3)
56 creatures vanquished.

Notes
Turn   | Place    | Note
--------------------------------------------------------------
     0 | D:1      | Chiseanne the Demonspawn Wanderer began the quest for the Orb.
     0 | D:1      | Chiseanne set off with: a +2 hand axe, a +0 shortbow, 24 arrows, a potion of curing, a +0 robe, a bread ration
     0 | D:1      | Reached XP level 1. HP: 16/16 MP: 1/1
   374 | D:1      | Gained mutation: You are partially covered in iridescent scales (AC +4). [demonic ancestry]
   374 | D:1      | Reached XP level 2. HP: 18/23 MP: 2/2
  1113 | D:2      | Reached skill level 1 in Dodging
  1129 | D:2      | Reached XP level 3. HP: 21/28 MP: 3/3
  1294 | D:2      | Found a bloodstained altar of Trog.
  1828 | D:3      | Gained mutation: You are immune to rotting. [demonic ancestry]
  1828 | D:3      | Reached XP level 4. HP: 35/35 MP: 4/4
  2080 | D:3      | Found an ancient bone altar of Kikubaaqudgha.
  2260 | D:3      | Noticed Sigmund
  2280 | D:3      | Killed Sigmund
  2280 | D:3      | Reached skill level 4 in Fighting
  2280 | D:3      | Gained mutation: You are mostly covered in iridescent scales (AC +6). [demonic ancestry]
  2280 | D:3      | Reached XP level 5. HP: 42/42 MP: 5/5
  2762 | D:4      | Noticed an ogre
  2779 | D:4      | HP: 1/63 [ogre/giant club (8)]
  2780 | D:4      | Slain by an ogre

Vault maps used:
D:1:      nicolae_arrival_washed_ashore
D:2:      bloody_trog, mrwooster_statue_mirror, minmay_misc_feat_enclosed
D:3:      lemuel_zombie_altar_kikubaaqudgha, uniq_sigmund
D:4:      kennysheep_mini, uniq_blork_the_orc, uniq_duvessa, uniq_edmund

Action                   |  1- 3 |  4- 6 || total
-------------------------+-------+-------++-------
Melee: Hand axe          |   102 |    69 ||   171
  Use: Scroll            |     6 |     5 ||    11
       Potion            |       |     2 ||     2
  Eat: Chunk             |     3 |     3 ||     6
